Map: Beckett Industries LE

Players

Dark - Winner!

  • Race: Zerg Zerg

Reynor

  • Race: Zerg Zerg

Event: TSL 7

VOD

Have the link to the VOD?

Description

Time

  • Played on: June 19, 2021, 8:34 a.m.
  • Length: 7:16

All games in this series

Show
View Real Time Build Order
Export as new Build Order

Dark Zerg - Winner!

Build Orders: Pool First 

Get SALT Encoding   

  12  0:17  Spawning Pool  
  11  0:22  Drone  
  11  0:26  Drone  
  13  0:30  Drone  
  14  0:42  Overlord  
  14  1:04  Zergling x4  
  16  1:05  Zergling x2  
  17  1:16  Zergling x2  
  17  1:18  Hatchery  
  17  1:26  Zergling x2  
  18  1:37  Queen  
  20  1:40  Drone  
  21  1:48  Overlord  
  21  2:00  Zergling x2  
  22  2:10  Drone  
  22  2:12  Queen  
  25  2:21  Drone  
  26  2:30  Queen  
  26  2:31  Drone x2  
  26  2:36  Extractor  
  29  2:43  Drone x2  
  31  2:46  Drone x3  
  33  2:51  Drone  
  34  2:59  Drone  
  34  3:03  Overlord  
  35  3:13  Drone  
  35  3:14  Overlord  
  36  3:23  Drone x4  
  40  3:27  Drone x3  
  40  3:31  Overlord  
  40  3:34  Drone  
  44  3:41  Metabolic Boost  
  44  3:43  Drone x2  
  46  3:52  Drone  
  46  3:53  Drone  
  49  3:55  Drone x2  
  49  3:56  Drone x2  
  52  4:05  Evolution Chamber  
  51  4:11  Extractor  
  51  4:12  Zergling x4  
  51  4:16  Zergling x4  
  54  4:17  Hatchery  
  54  4:20  Zergling x2  
  54  4:26  Overlord  
  54  4:28  Roach Warren  
  54  4:29  Zergling x4  
  55  4:32  Zergling x4  
  55  4:37  Zerg Ground Armor Level 1  
  57  4:40  Zergling x2  
  57  4:43  Zergling x4  
  60  4:49  Zergling x2  
  60  4:51  Zergling x2  
  62  4:54  Zergling x6  
  62  4:57  Zergling x6  
  68  5:02  Overlord  
  68  5:05  Overlord  
  68  5:17  Zergling x2  
  68  5:18  Zergling x2  
  61  5:26  Roach x2  
  64  5:29  Roach  
  64  5:31  Roach x2  
  64  5:32  Roach x4  
  77  5:39  Roach  
  77  5:42  Roach x2  
  83  5:47  Roach  
  85  5:58  Overlord x2  
  85  6:00  Roach x2  
  85  6:03  Zergling x2  
  90  6:06  Overlord  
  90  6:14  Overlord  
  90  6:18  Roach x2  
  90  6:19  Zergling x12, Roach  
  90  6:24  Zergling x2  
  103  6:30  Zergling x10  
  108  6:37  Zergling x2  
  109  6:40  Zergling x4  
  109  6:53  Zergling x6  
Show
View Real Time Build Order
Export as new Build Order

Reynor Zerg 

Build Orders: Pool First 

Get SALT Encoding   

  12  0:17  Spawning Pool  
  11  0:22  Drone  
  11  0:26  Drone  
  13  0:31  Drone  
  14  0:40  Overlord  
  14  1:04  Zergling x4  
  16  1:05  Zergling x2  
  17  1:16  Zergling x2  
  18  1:18  Hatchery  
  17  1:27  Zergling x2  
  18  1:34  Queen  
  18  1:39  Zergling x2  
  21  1:47  Overlord  
  21  1:59  Drone  
  22  2:09  Drone  
  22  2:10  Queen  
  25  2:21  Drone  
  26  2:30  Drone  
  26  2:31  Drone, Queen  
  30  2:45  Spine Crawler  
  30  2:48  Drone  
  30  2:49  Drone x2  
  30  2:50  Drone  
  33  2:54  Drone  
  34  3:00  Overlord  
  34  3:04  Drone  
  35  3:09  Drone  
  36  3:13  Overlord  
  36  3:18  Drone x3  
  40  3:20  Drone  
  40  3:21  Extractor  
  40  3:22  Drone  
  40  3:26  Drone  
  42  3:27  Drone  
  42  3:29  Drone  
  42  3:33  Drone  
  45  3:37  Overlord  
  45  3:39  Drone  
  46  3:43  Drone  
  47  3:53  Drone  
  47  3:55  Drone, Hatchery  
  48  4:00  Overlord  
  48  4:04  Drone x2  
  50  4:13  Drone x2  
  50  4:15  Extractor  
  51  4:18  Evolution Chamber  
  51  4:20  Overlord  
  51  4:22  Zergling x4  
  51  4:29  Metabolic Boost  
  51  4:30  Zergling x4  
  51  4:31  Zergling x2  
  54  4:33  Zergling x2  
  54  4:35  Overlord  
  55  4:38  Zergling x4  
  55  4:43  Drone  
  55  4:44  Drone  
  55  4:45  Overlord  
  59  4:46  Drone  
  60  4:54  Overlord  
  60  4:55  Zerg Missile Weapons Level 1  
  60  4:59  Roach Warren  
  59  5:02  Drone  
  59  5:04  Drone  
  59  5:05  Drone  
  62  5:08  Queen  
  62  5:12  Zergling x8  
  68  5:17  Queen, Zergling x2  
  68  5:20  Zergling x4  
  60  5:26  Zergling x6  
  63  5:30  Zergling x2  
  63  5:31  Zergling x2  
  63  5:33  Zergling x2  
  66  5:39  Zergling x6  
  69  5:45  Extractor, Zergling x2  
  69  5:47  Zergling x2  
  70  5:50  Hatchery  
  70  5:52  Zergling x2  
  70  5:58  Zergling x2  
  70  6:02  Overlord  
  71  6:08  Roach  
  73  6:12  Roach x3  
  73  6:14  Roach  
  81  6:20  Roach  
  81  6:25  Roach  
  84  6:28  Roach  
  86  6:35  Roach x3  
  86  6:37  Roach  
  86  6:38  Ravager x2  
  86  6:39  Ravager  
  97  6:41  Zergling x2, Roach x3  
  99  6:52  Roach x2  
Tags
 
Add a new tag
Caveats
  • Supply blocks, unpowered buildings, or Contaminate may cause inaccurate times.
  • Supply counts are checked every 10 seconds.